 Dungeon Crawl Stone Soup version 0.32-a0-391-gce5c0aa (webtiles) character file.

Game seed: 13957592305558957988

133 Nithhogg the Covered (level 4, -3/40 HPs)
             Began as a Mountain Dwarf Fighter on Feb 19, 2024.
             Slain by Sigmund
             ... wielding a +2 scythe of venom
              (6 damage)
             ... on level 3 of the Dungeon.
             The game lasted 00:03:38 (1811 turns).

Nithhogg the Covered (Mountain Dwarf Fighter)       Turns: 1811, Time: 00:03:39

Health: -3/40      AC:  7    Str: 19 (20) XL:     4   Next: 94%
Magic:  6/6        EV:  9    Int:  8 (9)  God:
Gold:   186        SH:  4    Dex:  7 (9)  Spells: 3/3 levels left

rFire   . . .        a - +0 war axe
rCold   . . .        c - +0 buckler
rNeg    . . .        b - +0 scale mail
rPois   +            (no helmet)
rElec   .            (no cloak)
rCorr   .            (no gloves)
SInv    .            (no boots)
Will    .....        (no amulet) Stlth
                     q - +4 ring of slaying
HPRegen 0.26/turn    m - ring of poison resistance
MPRegen 0.10/turn

%: no passive effects
@: mighty, lethally poisoned (-3 -> -7)
A: runic magic, artefact enchanting
a: no special abilities


You were on level 3 of the Dungeon.
You visited 1 branch of the dungeon, and saw 3 of its levels.

You collected 186 gold pieces.

Inventory:

Hand Weapons
 a - a +0 war axe (weapon)
Missiles
 h - 13 poisoned darts (quivered)
 k - 4 atropa-tipped darts
Armour
 b - a +0 scale mail (worn)
 c - a +0 buckler (worn)
Jewellery
 i - a ring of protection from fire
 m - a ring of poison resistance (right hand)
 n - a ring of poison resistance
 q - a +4 ring of slaying (left hand)
Scrolls
 e - 2 scrolls of torment {unknown}
 f - a scroll of silence {unknown}
 o - a scroll of identify {unknown}
 p - a scroll of teleportation {unknown}
Potions
 d - a potion of might
 g - a potion of degeneration
 j - a potion of mutation {unknown}
 l - a potion of curing {unknown}


   Skills:
 + Level 4.2 Fighting
 + Level 3.6 Axes
 + Level 4.2 Armour
 - Level 3.2 Shields
 + Level 2.9 Invocations


You had 3 spell levels left.
You didn't know any spells.
Your spell library contained the following spells:

 Spells                   Type           Power      Damage    Failure   Level
 Call Imp                 Summ           0%         N/A       71%         2
 Cigotuvi's Dreadful Rot  Necr/Alch/Air  0%         N/A       71%         2
 Sublimation of Blood     Necr           0%         N/A       71%         2
 Ignite Poison            Fire/Alch      0%         N/A       100%        4
 Freezing Cloud           Conj/Ice/Air   0%         6-21      100%        5
 Summon Hydra             Summ           0%         N/A       100%        7


Dungeon Overview and Level Annotations

Branches:
Dungeon (3/15)

Altars:

Shops:
D:1 [?[!(

Annotations:
D:3 Sigmund


Innate Abilities, Weirdness & Mutations

Your spellcasting is much less encumbered by armour.
You can use scrolls of enchantment on lesser artefacts.


Message History

You are too confused!
You are too confused!
You are too confused!
You are too confused!
You are too confused!
You are too confused!
You are too confused!
You are too confused!
Things that are here:
8 gold pieces; a +0 short sword Sigmund gestures wildly while chanting.
Sigmund flickers and vanishes!
Deactivating autopickup; reactivate with Ctrl-A.
Something hits you!
You hit something. Something hits you but does no damage.
You are poisoned.
You feel sick. Something hits you but does no damage.
You are more poisoned.
You feel less confused.
You feel very sick.
You feel sick. Something hits you.
You are more poisoned.
You barely miss something.
You feel very sick.
You hear some strange, mumbled words.
A puff of flame appears from out of thin air!
The puff of flame misses you.
You closely miss something.
You feel very sick. Something hits you.
* * * LOW HITPOINT WARNING * * *
You feel very mighty all of a sudden.
You feel sick. Something hits you.
* * * LOW HITPOINT WARNING * * *
It was a potion of degeneration.
There was something very wrong with that liquid.
You feel weakened.
You feel dopey.
You feel clumsy.
* * * LOW HITPOINT WARNING * * *
You feel sick. Something hits you.
You die...

....... .....
....... ......
....... ....#####
.......
............
)......
...........
.......
######..!........
.......
#................
.......
.#................
.......
........@........#
.......
......#..{........
.......
......#$.$....##
.......
..............#
....
.......####...#
...#
.......####...#
...#
...#...#......#
....
.............# ...
..#.........###


There were no monsters in sight!

Vanquished Creatures
  Natasha (D:3)
  An adder (D:2)
  A ribbon worm (D:3)
  2 dart slugs
  6 endoplasms
  A giant cockroach (D:1)
  6 goblins
  4 hobgoblins
  5 quokkas (D:1)
  10 ball pythons
  4 bats
  A frilled lizard (D:2)
  5 kobolds
  4 rats
51 creatures vanquished.

Notes
Turn   | Place    | Note
-------+----------+-------------------------------------------
     0 | D:1      | Nithhogg the Mountain Dwarf Fighter began the quest for the
                  | Orb.
     0 | D:1      | Reached XP level 1. HP: 19/19 MP: 1/1
    68 | D:1      | Reached skill level 1 in Invocations
    68 | D:1      | Reached XP level 2. HP: 26/26 MP: 2/2
    91 | D:1      | Found Nasasise's Distillery.
   145 | D:1      | Found Niarew's Magic Scroll Shoppe.
   145 | D:1      | Found Yrchaahue's Armour Boutique.
   222 | D:1      | Reached XP level 3. HP: 27/31 MP: 4/4
   328 | D:1      | Found Loett's Weapon Shoppe.
   550 | D:1      | Found Anokhlum's Antique Armour Shoppe.
   842 | D:2      | Reached XP level 4. HP: 40/40 MP: 5/5
  1436 | D:3      | Noticed Natasha
  1443 | D:3      | Killed Natasha
  1794 | D:3      | Noticed Sigmund
  1811 | D:3      | Slain by Sigmund

Illustrated notes

Levels and vault maps discovered:
D:1:      minmay_arrival_nine_rooms, layout_rooms, serial_shops, shop, shop,
          nicolae_shop_trees, shop, shop_fountains
D:2:      layout_loops_ring
D:3:      layout_basic, uniq_natasha, uniq_sigmund

Skill      XL: |  1  2  3  4 |
---------------+-------------+-----
Invocations    | 1 2 |  2.9
Axes           | 3 |  3.6
Armour         | 4 |  4.2
Fighting       | 4 |  4.2
Shields        | |  3.2

Action                     |  1- 3 |  4- 6 || total
---------------------------+-------+-------++-------
  Melee: War axe           |    96 |    54 ||   150
    Use: Potion            |       |     2 ||     2
 Armour: Scale mail        |    71 |    37 ||   108
  Dodge: Dodged            |    68 |    23 ||    91
  Block: Buckler           |    17 |    12 ||    29

Table legend: (Time is in decaauts)
 A = Elapsed time spent in this place.
 B = Non-inter-level travel time spent in this place.
 C = Inter-level travel time spent in this place.
 D = Time resting spent in this place.
 E = Time spent auto-exploring this place.
 F = Levels seen in this place.
 G = Mean time per level.
                   A        B        C        D        E       F      G
               +--------+--------+--------+--------+--------+-----+--------+
         Total |   1865 |   1774 |     91 |      0 |   1363 |   3 |  621.7 |
       Dungeon |   1865 |   1774 |     91 |      0 |   1363 |   3 |  621.7 |
               +--------+--------+--------+--------+--------+-----+--------+

Top non-repeatable levels by time:
     D:2: 818 daAuts
     D:1: 611 daAuts
     D:3: 436 daAuts
